AoeStats
← nicolasgatica6

Arena

509486687Analyzed
1v1 RM · 7d ago on Sep 26, 2026· 64m 15s· 2 players
Game mode
Random Map
Map size
Tiny (2 player)
Population
200
Speed
Normal
Resources
Standard
Victory
Conquest
Starting age
Dark Age
Ending age
Imperial Age
RankedLock teamsTeams togetherTeam positionsShared explorationLock speedFull tech treeHidden civsTurbo modeCheats
Victory
Defeat
🇨🇱 Mongols · Chile
335
+13
🇨🇱 Khmer · Chile
259
-13
nicolasgatica6
1:28 Loom
10:09 Feudal Age
12:07 Wheelbarrow
21:02 Castle Age
19:58 Town Watch
21:22 Horse Collar
23:57 Heavy Plow
27:58 Husbandry
28:10 Bloodlines
27:23 Light Cavalry
28:55 Loom
34:49 Imperial Age
33:55 Hand Cart
38:33 Crop Rotation
39:05 Town Patrol
38:53 Cavalier
40:47 Double-Bit Axe
42:34 Gold Mining
44:54 Double Crossbow
Juanka
8:45 Loom
11:50 Feudal Age
13:29 Horse Collar
13:33 Man-at-Arms
14:37 Double-Bit Axe
14:57 Fletching
19:56 Wheelbarrow
19:44 Forging
22:22 Gold Mining
22:25 Stone Mining
26:00 Castle Age
27:28 Hand Cart
26:40 Crossbowman
26:43 Long Swordsman
29:40 Heavy Plow
30:54 Ballistics
31:42 Fortified Wall
33:04 Gold Shaft Mining
33:28 Town Watch
33:34 Town Watch
34:07 Bow Saw
33:29 Pikeman
35:19 Scale Mail Armor
38:42 Scale Barding Armor
38:34 Bodkin Arrow
38:33 Arson
39:21 Nomads
41:16 Heresy
42:09 Padded Archer Armor
42:28 Chain Mail Armor
44:23 Chain Barding Armor
51:04 Imperial Age
48:37 Town Patrol
51:07 Capped Ram
52:19 Elite Mangudai
53:23 Drill
55:52 Chemistry
56:50 Siege Ram
60:09 Onager
Connection lost

Rejoining the realm…

Still unreachable

The connection could not be restored.

Session expired

The server has moved on; the page needs a fresh start.